 Dungeon Crawl Stone Soup version 0.29.1-2-gbd0b4ee654 (webtiles) character file.

Game seed: 13839827900454782727

6 zeram the Shield-Bearer (level 1, 0/16 HPs)
             Began as an Octopode Fighter on Nov 15, 2022.
             Slain by a jackal (1 damage)
             ... on level 1 of the Dungeon.
             The game lasted 00:00:24 (288 turns).

zeram the Shield-Bearer (Octopode Fighter)           Turns: 288, Time: 00:00:24

Health: 0/16       AC:  1    Str: 15    XL:     1   Next: 90%
Magic:  1/1        EV: 13    Int: 10    God:
Gold:   36         SH:  4    Dex: 11    Spells: 0/0 levels left

rFire   . . .      SeeInvis .   a - +0 rapier
rCold   . . .      Faith    .   b - +0 buckler
rNeg    . . .      Spirit   .   (helmet restricted)
rPois   .          Reflect  .   (no amulet)
rElec   .          Harm     .   (no ring)
rCorr   .          Rampage  .   (no ring)
Will    .....                   (no ring)
Stlth   ++........              (no ring)
HPRegen 0.05/turn               (no ring)
MPRegen 0.07/turn               (no ring)
                                (no ring)
                                (no ring)

@: no status effects
A: almost no armour, amphibious, 8 rings, camouflage 1, gelatinous body 1,
(nimble swimmer 1), tentacles
a: no special abilities


You were on level 1 of the Dungeon.
You visited 1 branch of the dungeon, and saw 1 of its levels.

You collected 36 gold pieces.

Inventory:

Hand Weapons
 a - a +0 rapier (weapon)
Armour
 b - a +0 buckler (worn)
Jewellery
 g - a ring of positive energy
Scrolls
 f - a scroll of enchant armour {unknown}
 h - a scroll of teleportation {unknown}
Potions
 c - a potion of might
 d - a potion of curing {unknown}
 e - 2 potions of haste {unknown}


   Skills:
 + Level 3.1 Fighting
 + Level 2.0 Short Blades
 + Level 3.1 Dodging
 + Level 3.1 Shields


You couldn't memorise any spells.
You didn't know any spells.
Your spell library was empty.

Dungeon Overview and Level Annotations

Branches:
Dungeon (1/15)

Altars:


Innate Abilities, Weirdness & Mutations

You cannot wear most types of armour.
You are amphibious.
You can wear up to eight rings at the same time.
Your skin changes colour to match your surroundings (Stealth+).
Your rubbery body absorbs attacks. (AC +1, EV +1)
((You are camouflaged when in or above water. (Stealth+)))
You have tentacles for arms and can constrict up to eight enemies at once.


Message History

A jackal is nearby!
A jackal is nearby!
A jackal is nearby!
A bat and 3 jackals come into view.
The jackal barks! x3; You hear a shout!
The bat hits you.
The jackal barks!
The bat hits you. The jackal bites you.
You completely miss the jackal. Your grab misses the jackal.
The bat closely misses you. x2; You block the jackal's attack. x2
You hit the jackal. Your grab misses the jackal. You squeeze the jackal.
You kill the jackal!
The bat barely misses you. The jackal bites you. You block the jackal's attack.
The jackal misses you. The jackal bites you. The jackal barely misses you.
You hit the jackal. You grab the jackal.
The jackal is almost dead.
You constrict the jackal.
You kill the jackal!
The bat barely misses you. The jackal bites you. x2
You are too injured to fight recklessly!
You are too injured to fight recklessly!
You are too injured to fight recklessly!
Unknown command.
You are too injured to fight recklessly!
Unknown command.
You are too injured to fight recklessly!
You barely miss the bat. You grab the bat. You constrict the bat.
The bat hits you.
The bat struggles to escape constriction.
The jackal bites you. The bat completely misses you.
The jackal closely misses you. The jackal bites you.
* * * LOW HITPOINT WARNING * * *
The bat escapes!
The jackal closely misses you. The bat barely misses you.
You closely miss the bat. You grab the bat. Your squeeze misses the bat.
You constrict the bat. The bat hits you but does no damage.
The bat escapes!
You block the jackal's attack. x2; The jackal bites you.
* * * LOW HITPOINT WARNING * * *
The jackal bites you.
You die...

.# .# .# #.##
##..$##
#########.....##
.......#..†....##
#..@h......#
#.#.h.....##
#.######.##.....##
#........###....#
########.# #.#.#
######...## ##.#
##...#.....## #
##.###..........
#####.##
##.....####


You could see 2 jackals.

Vanquished Creatures
  2 ball pythons (D:1)
  2 jackals (D:1)
  A goblin (D:1)
5 creatures vanquished.

Notes
Turn   | Place    | Note
-------+----------+-------------------------------------------
     0 | D:1      | zeram the Octopode Fighter began the quest for the Orb.
     0 | D:1      | Reached XP level 1. HP: 16/16 MP: 1/1
   288 | D:1      | Slain by a jackal

Illustrated notes

Levels and vault maps discovered:
D:1:      minmay_arrival_four_loops, layout_loops_ring,
          hellmonk_ecumenical_altar_heavens_door, minmay_misc_feat_ornament

Action                   || total
-------------------------++-------
Melee: Rapier            ||    12
       Constrict         ||     5
       Tentacles         ||     1
Armor: Skin              ||     2
Dodge: Dodged            ||    12
Block: Buckler           ||     6
